 Dungeon Sprint DCSS version 0.26-a0-652-gafc20e3620 (webtiles) character file.

Game seed: 9733100596578407572

32 rocky1 the Chiller (level 3, -4/39 HPs)
             Began as a Merfolk Ice Elementalist on Oct 4, 2020.
             Was a Priest of Sif Muna.
             Slain by a gnoll sergeant
             ... wielding a +0 spear
              (8 damage)
             ... in the Dungeon (Sprint VII: "The Pits").
             The game lasted 00:06:19 (516 turns).

rocky1 the Chiller (Merfolk Ice Elementalist)        Turns: 516, Time: 00:06:19

Health: -4/39      AC:  2    Str:  8    XL:     3   Next: 27%
Magic:  3/6        EV: 13    Int: 15    God:    Sif Muna [***...]
Gold:   0          SH:  0    Dex: 14    Spells: 5/6 levels left

rFire    . . .     SeeInvis .   m - +2 trident (vorpal)
rCold    . . .     Faith    .   (no shield)
rNeg     . . .     Spirit   .   a - +0 robe
rPois    .         Reflect  .   (no helmet)
rElec    .         Harm     .   (no cloak)
rCorr    .         Rampage  .   (no gloves)
MR       .....     NoTele   +   (no boots)
Stlth    ..........             (no amulet)
HPRegen  0.13/turn              (no ring)
MPRegen  0.10/turn              (no ring)

@: berserking, very quick
A: change form in water, swift swim, stealthy swim
a: Channel Magic, Forget Spell, Renounce Religion


You were in the Dungeon.
You worshipped Sif Muna.
Sif Muna was most pleased with you.
You visited 1 branch

Inventory:

Hand Weapons
 m - a +2 vorpal trident (weapon)
Armour
 a - a +0 robe (worn)
Scrolls
 h - a scroll of blinking
 j - 3 scrolls of remove curse
 k - 5 scrolls of amnesia
 l - a scroll of summoning
Potions
 c - 5 potions of curing
 d - 4 potions of heal wounds
 e - a potion of haste
 f - 4 potions of magic
 g - 2 potions of berserk rage
 i - 2 potions of invisibility


   Skills:
 - Level 1.0 Fighting
 - Level 1.0 Polearms
 - Level 3.3 Dodging
 - Level 2.1 Stealth
 - Level 2.4 Spellcasting
 + Level 7.4 Ice Magic
 - Level 0.6 Invocations


You had 5 spell levels left.
You knew the following spells:

 Your Spells              Type           Power        Failure   Level
a - Freeze                Ice            ###.         1%          1

Your spell library contained the following spells:

 Spells                   Type           Power        Failure   Level
 Frozen Ramparts          Ice            ###...       3%          3
 Ozocubu's Armour         Ice            ###.....     3%          3
 Hailstorm                Conj/Ice       ##......     41%         4
 Summon Ice Beast         Ice/Summ       ##......     41%         4


Dungeon Overview and Level Annotations

Branches:
Dungeon (1/1)

Altars:
Ashenzari
Cheibriados
Dithmenos
Elyvilon
Fedhas
Gozag
Hepliaklqana
Kikubaaqudgha
Makhleb
Nemelex Xobeh
Okawaru
Qazlal
Ru
Sif Muna
Trog
Uskayaw
Vehumet
Wu Jian
Xom
Yredelemnul
Zin
The Shining One
Beogh
Jiyva
Lugonu


Message History

You puncture the gnoll!
You kill the gnoll!
Sif Muna accepts your kill.
You can now freely open your mind to new spells.
Your Ice Magic skill increases to level 7!
You have reached level 3!
Your experience leads to an increase in your attributes!
Increase (S)trength, (I)ntelligence, or (D)exterity?
You feel clever.
A sky beast appears from thin air!
Reactivating autopickup.
The gnoll sergeant hits you from afar with a +0 spear!
* * * LOW HITPOINT WARNING * * *
A necrophage comes into view.
Things that are here:
a +0 flail; a +0 dagger; a gnoll corpse You puncture the gnoll sergeant!
The gnoll sergeant is heavily wounded.
The gnoll sergeant hits you with a +0 spear!
You die...

#.?(.')))'.##.....
##########.##.....
#.....).....'.....
#'#####)#####.....
#.#.....#[[##.....
#.#.....#))#####'#
#.###†###))##.....
#.#)....#).##.....
#@#...))#..##.....
#g####'##'###...<.
#g#....).(.##.....
#g#........##.....
#Y###########.....
#gg# ###### #sl..
##.#g#


gg.s. You could see a sky beast, a gnoll sergeant, a scorpion, 4 gnolls and a
frilled lizard.

Vanquished Creatures
  2 gnolls (D)
  A leopard gecko (D)
  An orc (D)
  A ball python (D)
  4 goblins (D)
  A hobgoblin (D)
  A frilled lizard (D)
11 creatures vanquished.

Notes
Turn   | Place    | Note
-------+----------+-------------------------------------------
     0 | D        | rocky1 the Merfolk Ice Elementalist began the quest for the
                  | Orb.
     0 | D        | Reached XP level 1. HP: 13/13 MP: 3/3
    15 | D        | Reached skill level 1 in Fighting
   235 | D        | Found a bloodstained altar of Trog.
   235 | D        | Found a shimmering blue altar of Sif Muna.
   235 | D        | Found a viscous altar of Jiyva.
   235 | D        | Found a hazy altar of Hepliaklqana.
   235 | D        | Found an opulent altar of Gozag.
   236 | D        | Found a glowing golden altar of the Shining One.
   236 | D        | Found a glowing silver altar of Zin.
   236 | D        | Found a basalt altar of Yredelemnul.
   236 | D        | Found a shimmering altar of Xom.
   236 | D        | Found an ornate altar of the Wu Jian Council.
   236 | D        | Found a sacrificial altar of Ru.
   236 | D        | Found a stormy altar of Qazlal.
   236 | D        | Found an iron altar of Okawaru.
   236 | D        | Found a sparkling altar of Nemelex Xobeh.
   236 | D        | Found a burning altar of Makhleb.
   236 | D        | Found a blossoming altar of Fedhas.
   236 | D        | Found a white marble altar of Elyvilon.
   236 | D        | Found a shadowy altar of Dithmenos.
   236 | D        | Found a snail-covered altar of Cheibriados.
   238 | D        | Found a radiant altar of Vehumet.
   238 | D        | Found a corrupted altar of Lugonu.
   238 | D        | Found a roughly hewn altar of Beogh.
   239 | D        | Found a hide-covered altar of Uskayaw.
   239 | D        | Found an ancient bone altar of Kikubaaqudgha.
   239 | D        | Found a broken altar of Ashenzari.
   241 | D        | Became a worshipper of Sif Muna the Loreminder
   283 | D        | Reached skill level 1 in Polearms
   357 | D        | Reached * piety under Sif Muna
   357 | D        | Reached skill level 5 in Ice Magic
   361 | D        | Reached skill level 6 in Ice Magic
   361 | D        | Reached XP level 2. HP: 21/21 MP: 1/5
   419 | D        | Reached ** piety under Sif Muna
   499 | D        | Noticed a gnoll sergeant
   499 | D        | Noticed a scorpion
   499 | D        | Noticed a sky beast
   514 | D        | Reached *** piety under Sif Muna
   514 | D        | Reached skill level 7 in Ice Magic
   514 | D        | Reached XP level 3. HP: 18/26 MP: 3/6
   515 | D        | Noticed a necrophage
   516 | D        | Slain by a gnoll sergeant

Illustrated notes

Levels and vault maps discovered:
D:        pitsprint [storerooms_1, entrance_room_1, metal_vault_5, armoury_1,
          mini_pit_1, grid_room_1, main_hall_1, silver_pit, the_coven_3,
          the_vestibule_1, steel_vault_3, golden_pit, hallway_of_sentries,
          crystal_vault_6, iron_vault_1, final_vault]

Skill      XL: |  1  2 |
---------------+-------+-----
Fighting       | 1 |  1.0
Dodging        | 3 |  3.3
Polearms       | 1 |  1.0
Ice Magic      | 6 7 |  7.4
Stealth        | |  2.1
Spellcasting   | |  2.4
Invocations    | |  0.6

Action                   || total
-------------------------++-------
Melee: Trident           ||    10
       Unarmed           ||     1
 Cast: Freeze            ||    13
  Use: Potion            ||     4
Armor: Robe              ||     2
Dodge: Dodged            ||     9

Table legend: (Time is in decaauts)
 A = Elapsed time spent in this place.
 B = Non-inter-level travel time spent in this place.
 C = Inter-level travel time spent in this place.
 D = Time resting spent in this place.
 E = Time spent auto-exploring this place.
 F = Levels seen in this place.
 G = Mean time per level.
                   A        B        C        D        E       F      G
               +--------+--------+--------+--------+--------+-----+--------+
         Total |    516 |    516 |      0 |    328 |      0 |   1 |  516.0 |
       Dungeon |    516 |    516 |      0 |    328 |      0 |   1 |  516.0 |
               +--------+--------+--------+--------+--------+-----+--------+

Top non-repeatable levels by time:
       D: 516 daAuts
